Map: Cactus Valley LE (Void)

Players

AgCl

  • Race: Protoss Protoss

Yui

  • Race: Protoss Protoss

Mars - Winner!

  • Race: Protoss Protoss

ShiQuRas - Winner!

  • Race: Protoss Protoss

VOD

Have the link to the VOD?

Description

Time

  • Played on: May 1, 2015, 7:18 a.m.
  • Length: 5:22
Show
View Real Time Build Order
Export as new Build Order

AgCl Protoss 

Build Orders: Oracle Opening, Oracle Opening 

Get SALT Encoding   

  12  0:02  Probe  
  13  0:14  Probe  
  13  0:21  Pylon  
  14  0:36  Assimilator  
  14  0:39  Probe (Chrono Boost)  
  14  0:42  Gateway  
  16  0:51  Probe (Chrono Boost)  
  16  0:58  Probe (Chrono Boost)  
  16  1:04  Probe  
  18  1:13  Probe  
  18  1:17  Assimilator  
  19  1:25  Probe  
  20  1:31  Cybernetics Core  
  20  1:37  Probe  
  21  1:43  Pylon  
  21  1:50  Probe  
  22  2:02  Probe  
  22  2:08  Adept (Chrono Boost), Warp Gate  
  25  2:15  Probe  
  26  2:33  Nexus  
  26  2:58  Robotics Facility  
  26  3:00  Stargate  
  26  3:03  Pylon  
  26  3:04  Stalker  
  27  3:35  Probe  
  28  3:43  Probe  
  28  3:44  Gateway  
  28  3:45  Probe, Gateway  
  28  3:47  Observer (Chrono Boost)  
  31  3:51  Oracle (Chrono Boost)  
  31  3:59  Probe  
  31  4:01  Mothership Core  
  16  4:24  Stalker  
  17  4:46  Probe  
  18  4:53  Probe  
  18  4:55  Probe  
  20  5:01  Probe  
  21  5:08  Probe (Chrono Boost)  
Show
View Real Time Build Order
Export as new Build Order

Yui Protoss 

Build Orders: Oracle Opening, Oracle Opening 

Get SALT Encoding   

  12  0:02  Probe  
  13  0:14  Probe  
  13  0:18  Pylon  
  14  0:33  Probe  
  14  0:39  Gateway  
  14  0:41  Probe  
  15  0:49  Assimilator  
  16  0:57  Probe (Chrono Boost)  
  16  1:03  Assimilator  
  17  1:09  Probe (Chrono Boost)  
  18  1:17  Pylon  
  18  1:21  Probe  
  19  1:26  Cybernetics Core  
  19  1:34  Probe  
  19  1:37  Gateway  
  20  1:42  Probe  
  21  1:51  Probe  
  21  2:00  Warp Gate  
  22  2:02  Adept  
  22  2:06  Probe  
  24  2:14  Probe  
  25  2:20  Stargate  
  26  2:24  Adept  
  28  2:35  Stalker  
  30  2:43  Pylon  
  30  3:03  Oracle  
  34  3:08  Stalker (Chrono Boost)  
  34  3:11  Probe  
  35  3:28  Nexus  
  33  3:34  Probe (Chrono Boost)  
  34  3:44  Twilight Council  
  34  3:47  Probe (Chrono Boost)  
  35  4:02  Pylon  
  35  4:16  Stalker  
  37  4:20  Stalker, Void Ray  
  41  4:37  Mothership Core (Chrono Boost)  
  39  4:46  Pylon  
  39  4:50  Adept x2  
  44  4:55  Probe (Chrono Boost)  
  44  4:58  Probe (Chrono Boost)  
  47  5:09  Probe x2 (Chrono Boost)  
  47  5:14  Pylon  
Show
View Real Time Build Order
Export as new Build Order

Mars Protoss - Winner!

Build Orders:  

Get SALT Encoding   

Show
View Real Time Build Order
Export as new Build Order

ShiQuRas Protoss - Winner!

Build Orders:  

Get SALT Encoding   

Tags
 
Add a new tag
Caveats
  • Supply blocks, unpowered buildings, or Contaminate may cause inaccurate times.
  • Supply counts are checked every 10 seconds.